 Dungeon Crawl Stone Soup version 0.19-a0-957-gf4ea323 (webtiles) character file.

6871 rageheart7 the Grappler (level 10, -16/102 HPs)
             Began as a Troll Gladiator on July 10, 2016.
             Was a High Priest of Cheibriados.
             Killed from afar by Nergalle (51 damage)
             ... with a bolt of negative energy
             ... on level 10 of the Dungeon.
             The game lasted 00:17:23 (7301 turns).

rageheart7 the Grappler (Troll Gladiator)           Turns: 7301, Time: 00:17:24

Health: -16/102    AC:  8    Str: 38    XL:     10   Next: 78%
Magic:  10/10      EV:  6    Int: 14    God:    Cheibriados [*****.]
Gold:   576        SH: 10    Dex: 24    Spells: 0 memorised, 9 levels left

rFire  . . .     SeeInvis +       - Unarmed
rCold  + . .     Gourm    +     q - +2 robe {rC+}
rNeg   . . .     Faith    +     A - +0 shield
rPois  .         Spirit   .     b - +1 hat
rElec  .         Dismiss  .     (no cloak)
rCorr  +         Reflect  .     (gloves unavailable)
SustAt .         Harm     .     (boots unavailable)
MR     .....                    g - amulet of faith
Stlth  ++........               y - ring of resist corrosion
                                u - ring of see invisible

@: heavily drained, very slow, not resistant to hostile enchantments, unstealthy
A: unfitting armour, claws 3, dopey 1, fast metabolism 3, gourmand, low mp 1,
regeneration 2, screaming 1, shaggy fur 1, tough skin 2, no device heal 2
a: Bend Time, Temporal Distortion, Slouch, Step From Time, Renounce Religion


You were on level 10 of the Dungeon.
You worshipped Cheibriados.
Cheibriados was extremely pleased with you.
You were completely stuffed.

You visited 2 branches of the dungeon, and saw 11 of its levels.

You collected 576 gold pieces.

Inventory:

Missiles
 c - 6 throwing nets
 i - 2 exploding tomahawks
 k - 5 tomahawks
 w - 2 large rocks (quivered)
Armour
 b - a +1 hat (worn)
 q - a +2 robe of cold resistance (worn)
 A - a +0 shield (worn)
Jewellery
 g - an amulet of faith (around neck)
 u - a ring of see invisible (left claw)
 y - a ring of resist corrosion (right claw)
Wands
 r - a wand of slowing (18/48)
 t - a wand of paralysis (7/24)
 C - a wand of paralysis (9/24)
Scrolls
 a - a scroll of amnesia
 e - 2 scrolls of identify
 h - 2 scrolls of teleportation
 p - 5 scrolls of remove curse
 D - a scroll of recharging {unknown}
Potions
 j - a potion of flight
 o - a potion of brilliance
 x - 2 potions of heal wounds
 z - a potion of ambrosia
Books
 v - a book of Enchantments

   Spells                             Type                      Level
   a - Cause Fear                     Hexes                        4
   b - Yara's Violent Unravelling     Hexes/Transmutation          5
   c - Silence                        Hexes/Air                    5
   d - Deflect Missiles               Charms/Air                   6
   e - Haste                          Charms                       6
   f - Discord                        Hexes                        8
Miscellaneous
 s - a fan of gales
Comestibles
 d - 12 bread rations
 f - 4 meat rations
 l - 2 slices of pizza
 m - 12 fruits
 n - 4 beef jerkies
 B - 3 chunks of flesh


   Skills:
 + Level 7.0(4.6) Fighting
 + Level 2.3(0.2) Throwing
 - Level 2.4(0.2) Dodging
 * Level 1.9(0.0) Shields
 * Level 13.3(10.5) Unarmed Combat
 * Level 3.4(1.2) Invocations
 + Level 0.1(0.0) Evocations


You had 9 spell levels left.
You didn't know any spells.

Dungeon Overview and Level Annotations

Branches:
Dungeon (10/15)            Temple (1/1) D:5            Lair (0/6) D:8
    Orc: D:9-12

Altars:
Ashenzari
Cheibriados
Dithmenos
Elyvilon
Fedhas
Gozag
Hepliaklqana
Kikubaaqudgha
Makhleb
Nemelex Xobeh
Pakellas
Qazlal
Ru
Sif Muna
Vehumet
Xom
Yredelemnul

Annotations:
D:10 Nergalle


Innate Abilities, Weirdness & Mutations

You are too large for most types of armour.
You have claws for hands.
Your metabolism is lightning-fast.
You like to eat raw meat.
You heal very quickly.
You are covered in fur. (AC +1)
You have very tough skin. (AC +2)
You are dopey. (Int -2)
Your magical capacity is low. (-10% MP)
You occasionally shout uncontrollably at your foes.
Potions and wands are poor at restoring your health.


Message History

Nergalle resists with almost no effort.
This wand has 7 charges left.
You block Nergalle's attack.
You closely miss Nergalle.
Nergalle is moderately wounded.
Nergalle barely misses you.
You claw Nergalle!
Nergalle is heavily wounded.
Nergalle casts a spell at you. The bolt of negative energy hits you!
You feel drained.
* * * LOW HITPOINT WARNING * * *
You scratch Nergalle but do no damage.
Nergalle is heavily wounded.
Your system partially rejects the healing.
You feel much better. You block Nergalle's attack.
Your system partially rejects the healing.
You feel much better.
Nergalle points at you and mumbles some strange words.
The bolt of negative energy hits you!
You feel drained.
Ouch! That really hurt!
You die...

#.# #.# ###.
#.# ...
####.##.#
#)......#
#.......####
#...........
#......####
####@### #o#
#.# #.# #.#
#.# #.. ###


You could see Nergalle.

Vanquished Creatures
  Harold (D:10)
  A hill giant (D:10)
  An elephant (D:8)
  A two-headed ogre (D:6)
  Sigmund (D:3)
  A spriggan (D:7)
  7 yaks
  The ghost of mg7810 the Conjurer, an amateur DrCj (D:4)
  Menkaure (D:4)
  A water moccasin (D:8)
  2 sky beasts
  An ice beast (D:5)
  An orc warrior (D:6)
  A wasp (D:6)
  A black bear (D:7)
  3 ogres
  A phantom (D:8)
  3 crocodiles (D:8)
  3 giant frogs
  A gnoll sergeant (D:5)
  A wyvern skeleton (D:7)
  2 scorpions
  5 howler monkeys
  7 crimson imps
  2 centaur zombies
  A wasp zombie (D:8)
  6 hounds
  A gnoll shaman (D:5)
  3 orc priests
  2 giant frog skeletons
  3 iguanas
  2 orc wizards
  4 worker ants
  A howler monkey zombie (D:7)
  2 worker ant zombies
  Robin (D:4)
  53 gnolls
  12 adders
  2 shadow imps (D:5)
  2 oozes
  4 adder skeletons
  A worm (D:4)
  2 dart slugs (D:1)
  4 giant geckos
  17 orcs
  7 bats
  4 giant cockroaches
  11 goblins
  9 hobgoblins
  26 jackals
  4 kobolds
  A quokka (D:4)
  A ball python (D:2)
  A giant gecko skeleton (D:4)
  3 giant newts
  5 rats
245 creatures vanquished.

Notes
Turn   | Place    | Note
-------+----------+-------------------------------------------
     0 | D:1      | rageheart7 the Troll Gladiator began the quest for the Orb.
     0 | D:1      | Reached XP level 1. HP: 19/19 MP: 0/0
    73 | D:1      | Reached XP level 2. HP: 27/27 MP: 1/1
   362 | D:1      | Reached skill level 4 in Unarmed Combat
   364 | D:1      | Reached XP level 3. HP: 33/33 MP: 2/2
  1061 | D:2      | Found a sparkling altar of Nemelex Xobeh.
  1083 | D:2      | Found a deep blue altar of Sif Muna.
  1456 | D:2      | Reached XP level 4. HP: 41/42 MP: 3/3
  1712 | D:3      | Noticed Sigmund
  1721 | D:3      | Killed Sigmund
  1721 | D:3      | Reached skill level 6 in Unarmed Combat
  1721 | D:3      | Reached XP level 5. HP: 36/50 MP: 4/4
  2001 | D:3      | Reached XP level 6. HP: 59/59 MP: 5/5
  2443 | D:4      | Noticed Menkaure
  2447 | D:4      | Killed Menkaure
  2447 | D:4      | Reached skill level 7 in Unarmed Combat
  2447 | D:4      | Reached XP level 7. HP: 67/67 MP: 6/6
  2723 | D:4      | Noticed mg7810's ghost (amateur DrCj)
  2752 | D:4      | Killed mg7810's ghost
  2752 | D:4      | Reached skill level 8 in Unarmed Combat
  2961 | D:4      | Noticed Robin
  2974 | D:4      | Killed Robin
  3115 | D:5      | Entered Level 5 of the Dungeon
  3122 | D:5      | Found a staircase to the Ecumenical Temple.
  3318 | Temple   | Entered the Ecumenical Temple
  3395 | Temple   | Became a worshipper of Cheibriados the Contemplative
  3429 | D:5      | Reached XP level 8. HP: 59/75 MP: 7/7
  3654 | D:5      | Reached * piety under Cheibriados
  3718 | D:5      | Reached skill level 9 in Unarmed Combat
  3836 | D:5      | Reached ** piety under Cheibriados
  4477 | D:5      | Reached skill level 10 in Unarmed Combat
  4608 | D:5      | Reached skill level 5 in Fighting
  4763 | D:6      | Reached *** piety under Cheibriados
  4770 | D:6      | Gained mutation: You are dopey. (Int -2) [mutagenic meat]
  4773 | D:6      | Gained mutation: You occasionally shout uncontrollably at your foes. [mutagenic meat]
  4776 | D:6      | Gained mutation: Potions and wands are less effective at restoring your health. [mutagenic meat]
  4779 | D:6      | Gained mutation: Your magical capacity is low. (-10% MP) [mutagenic meat]
  4782 | D:6      | Gained mutation: Potions and wands are poor at restoring your health. [mutagenic meat]
  4842 | D:6      | Noticed a two-headed ogre
  4852 | D:6      | Killed a two-headed ogre
  4852 | D:6      | Reached XP level 9. HP: 88/88 MP: 7/7
  4988 | D:6      | Reached skill level 1 in Invocations
  5217 | D:6      | Found a shadowy altar of Dithmenos.
  5526 | D:6      | Reached skill level 11 in Unarmed Combat
  5810 | D:7      | Reached **** piety under Cheibriados
  6329 | D:8      | Found a staircase to the Lair.
  6329 | D:8      | Noticed an elephant
  6348 | D:8      | Reached skill level 12 in Unarmed Combat
  6352 | D:8      | Killed an elephant
  6352 | D:8      | Reached XP level 10. HP: 55/100 MP: 9/9
  6460 | D:8      | Reached ***** piety under Cheibriados
  6980 | D:10     | Entered Level 10 of the Dungeon
  7032 | D:10     | Reached skill level 1 in Shields
  7124 | D:10     | Noticed a hill giant
  7133 | D:10     | Killed a hill giant
  7133 | D:10     | Reached skill level 13 in Unarmed Combat
  7164 | D:10     | Noticed Harold
  7176 | D:10     | Killed Harold
  7290 | D:10     | Noticed Nergalle
  7301 | D:10     | Killed from afar by Nergalle

Vault maps used:
D:1:      evilmike_arrival_rings, minmay_crystal_room,
          roderic_nine_men_s_morris, minmay_split_cup_small
D:2:      minitemple, minmay_misc_feat_five
D:3:      uniq_sigmund
D:4:      uniq_menkaure, uniq_robin
D:5:      lemuel_castle_with_subvaults, first_bread
D:6:      grunt_dithmenos_smoke
D:7:      the_bakery, minmay_misc_feat_secret_circle, columned_hall_lemuel
D:8:      david_lair_generic
D:10:     minmay_ruffians, uniq_harold, uniq_nergalle
Temple:   regret_index_temple_chain_breaker

Skill      XL: |  1  2  3  4  5  6  7  8  9 10 |
---------------+-------------------------------+-----
Throwing       | 2 |  2.3
Unarmed Combat | 4 6 7 8 10 12 13 | 13.3
Fighting       | 2 3 5 6 7 |  7.0
Invocations    | 2 3 |  3.4
Shields        | 1 |  1.9
Dodging        | |  2.4
Evocations     | |  0.1

Action                   |  1- 3 |  4- 6 |  7- 9 | 10-12 || total
-------------------------+-------+-------+-------+-------++-------
Melee: Unarmed           |   104 |    82 |   365 |   106 ||   657
       Punch             |     1 |     3 |    16 |     1 ||    21
Throw: Tomahawk          |       |       |     4 |       ||     4
       Throwing net      |       |       |     1 |       ||     1
Invok: Bend Time         |       |       |     1 |       ||     1
Evoke: Wand              |       |       |       |     7 ||     7
  Use: Scroll            |       |     4 |    11 |       ||    15
       Potion            |       |     1 |     5 |     2 ||     8
 Stab: Sleeping          |     1 |       |     1 |     2 ||     4
       Paralysed         |       |       |       |     2 ||     2
  Eat: Chunk             |    19 |     7 |    35 |     7 ||    68
Armor: Robe              |    42 |    15 |   142 |    30 ||   229
Dodge: Dodged            |    63 |    39 |   226 |    34 ||   362
Block: Shield            |       |       |       |    38 ||    38
